 Dungeon Crawl Stone Soup version 0.21.1-1-g345015f (webtiles) character file.

75 Monsterracer the Firebug (level 4, 18/18 HPs)
             Began as a Felid Fire Elementalist on Feb 10, 2018.
             Quit the game on level 3 of the Dungeon.
             The game lasted 00:06:39 (2797 turns).

Monsterracer the Firebug (Felid Fire Elementalist)  Turns: 2797, Time: 00:06:40

Health: 18/18      AC:  1    Str:  4    XL:     4   Next: 11%
Magic:  18/18      EV: 18    Int: 17    God:
Gold:   140        SH:  0    Dex: 17    Spells: 0/8 levels left
                                        Lives:  0   Deaths: 1

rFire    . . .     SeeInvis +   (weapon unavailable)
rCold    . . .     Gourm    .   (shield unavailable)
rNeg     . . .     Faith    .   (armour unavailable)
rPois    .         Spirit   .   (helmet unavailable)
rElec    .         Reflect  .   (cloak unavailable)
rCorr    .         Harm     .   (gloves unavailable)
MR       .....                  (boots unavailable)
Stlth    +++.......             (no amulet)
HPRegen  0.06/turn              l - ring of magical power
MPRegen  0.16/turn              (no ring)

@: quick
A: very small, no armour, no weapons or thrown items, stealth, claws 1, fangs 3,
see invisible, carnivore, speed 1, shaggy fur 1, slow metabolism 1, sharp paws
a: no special abilities


You were on level 3 of the Dungeon.
You were not hungry.

You visited 1 branch of the dungeon, and saw 3 of its levels.

You collected 140 gold pieces.

Inventory:

Jewellery
 l - a ring of magical power (left paw)
Scrolls
 b - a scroll of enchant armour {unknown}
 d - 2 scrolls of enchant weapon {unknown}
 e - 2 scrolls of teleportation {unknown}
 f - 4 scrolls of remove curse {unknown}
 i - a scroll of fog {unknown}
 j - a scroll of magic mapping {unknown}
Potions
 g - a potion of cancellation {unknown}
 h - 2 potions of degeneration {unknown}
Books
 a - a book of Flames

   Spells                             Type                      Level
   a - Flame Tongue                   Conjuration/Fire             1
   b - Throw Flame                    Conjuration/Fire             2
   c - Conjure Flame                  Conjuration/Fire             3
   d - Inner Flame                    Hexes/Fire                   3
   e - Sticky Flame                   Conjuration/Fire             4
   f - Fireball                       Conjuration/Fire             5
Comestibles
 c - 4 rations


   Skills:
 - Level 2.6 Dodging
 - Level 2.6 Stealth
 + Level 2.8 Spellcasting
 * Level 2.9 Conjurations
 * Level 3.9 Fire Magic


You couldn't memorise any spells.
You knew the following spells:

 Your Spells              Type           Power        Failure   Level  Hunger
a - Flame Tongue          Conj/Fire      ##...        4%          1    #......
b - Conjure Flame         Conj/Fire      ##......     13%         3    ###....
c - Sticky Flame          Conj/Fire      ##......     41%         4    #####..


Dungeon Overview and Level Annotations

Branches:
Dungeon (3/15)

Altars:

Annotations:
D:3 Natasha


Innate Abilities, Weirdness & Mutations

You cannot wear armour.
You are incapable of wielding weapons or throwing items.
Your paws allow you to move quietly. (Stealth)
You have sharp claws.
You have razor-sharp teeth.
You have supernaturally acute eyesight. (SInv)
You are carnivorous and can eat meat at any time.
You cover ground quickly.
You are covered in fur. (AC +1)
You have a slow metabolism.
Your sharp claws are effective at attacking unaware monsters.


Message History

You now have 1/19 mp.
Casting: Flame Tongue
Confirm with . or Enter, or press ? or * to list all spells.
Aiming: Flame Tongue
Press: ? - help, Shift-Dir - straight line, f/p - bat
Aim: a bat (severely wounded)
The flame tongue hits the bat.
You kill the bat!
An adder comes into view.
You now have 0/19 mp.
Things that are here:
a dagger; a scroll labeled TYV FOSACH; an orc corpse You now have 140 gold pieces (gained 21).
You see here a club.
The adder hisses angrily.
You see here 3 tomahawks.
There is a stone staircase leading down here.
There is a stone staircase leading up here.
Casting: Flame Tongue
Confirm with . or Enter, or press ? or * to list all spells.
Aiming: Flame Tongue
Press: ? - help, Shift-Dir - straight line, f - adder
Aim: an adder The flame tongue hits the adder.
The adder is heavily wounded.
You now have 4/19 mp.
Casting: Flame Tongue
Confirm with . or Enter, or press ? or * to list all spells.
Aiming: Flame Tongue
Press: ? - help, Shift-Dir - straight line, f/p - adder
Aim: an adder (heavily wounded)
The flame tongue hits the adder.
You kill the adder!
You now have 3/19 mp.
Unknown command.
HP restored.
Health restored: 21 You regained 8 mp, and now have 11/19 mp.
Natasha is nearby!
You see here an adder corpse.
Casting: Flame Tongue
Confirm with . or Enter, or press ? or * to list all spells.
You can't see any susceptible monsters within range! (Use Z to cast anyway.)
There is a stone staircase leading down here.
Casting: Flame Tongue
Confirm with . or Enter, or press ? or * to list all spells.
Aiming: Flame Tongue
Press: ? - help, Shift-Dir - straight line, f - Natasha
Aim: Natasha (hasn't noticed you)
The flame tongue hits Natasha.
Natasha is moderately wounded.
You now have 11/19 mp.
Casting: Flame Tongue
Confirm with . or Enter, or press ? or * to list all spells.
Aiming: Flame Tongue
Press: ? - help, Shift-Dir - straight line, f/p - Natasha
Aim: Natasha (moderately wounded)
The flame tongue hits Natasha.
Natasha appears unharmed.
Natasha is moderately wounded.
Natasha barely misses you.
You now have 10/19 mp.
Casting: Flame Tongue
Confirm with . or Enter, or press ? or * to list all spells.
Aiming: Flame Tongue
Press: ? - help, Shift-Dir - straight line, f/p - Natasha
Aim: Natasha (moderately wounded)
The flame tongue misses Natasha.
Natasha claws you!
You take 10 damage, and have 11/21 hp.
MASSIVE DAMAGE!!
You now have 9/19 mp.
Casting: Flame Tongue
Confirm with . or Enter, or press ? or * to list all spells.
Aiming: Flame Tongue
Press: ? - help, Shift-Dir - straight line, f/p - Natasha
Aim: Natasha (moderately wounded)
The flame tongue hits Natasha.
Natasha is almost dead.
Natasha drinks a potion.
Natasha is healed!
You now have 8/19 mp.
Casting: Flame Tongue
Confirm with . or Enter, or press ? or * to list all spells.
Aiming: Flame Tongue
Press: ? - help, Shift-Dir - straight line, p - Natasha
Okay, then.
Casting: Flame Tongue
Confirm with . or Enter, or press ? or * to list all spells.
Aiming: Sticky Flame
Press: ? - help, Shift-Dir - straight line, f/p - Natasha
Aim: Natasha (moderately wounded)
The sticky flame hits Natasha.
Natasha is severely wounded.
Natasha is covered in liquid flames!
Natasha burns!
Natasha closely misses you.
You now have 4/19 mp.
Natasha stares at you and mumbles some strange words.
The magic dart hits you!
Ouch! That really hurt!
You die...
You are now level 4!
You rejoin the land of the living...
Found 23 stones.
Health restored: 18; MP restored: 18 Are you sure you want to abandon this character and quit the game? (Confirm with "yes".)

# # #.#
# #.# #
#(# #
#.# #
#.# #
#.# #
#.# #
#@# #
#.....#
#
.....##
#
#####.#
# .# #
#
######
.....#
####.#


There were no monsters in sight!

Vanquished Creatures
  Natasha (twice) (D:3)
  Ijyb (D:3)
  3 adders
  An ooze (D:1)
  A worm (D:2)
  2 orcs (D:3)
  10 goblins
  7 hobgoblins
  2 kobolds
  A quokka (D:2)
  A ball python (D:2)
  2 bats
  2 frilled lizards
  9 rats
44 creatures vanquished.

Notes
Turn   | Place    | Note
-------+----------+-------------------------------------------
     0 | D:1      | Monsterracer the Felid Fire Elementalist began the quest for the Orb.
     0 | D:1      | Reached XP level 1. HP: 7/7 MP: 4/4
    34 | D:1      | Reached skill level 1 in Conjurations
   117 | D:1      | Reached XP level 2. HP: 11/11 MP: 1/6
   257 | D:1      | HP: 5/11 [hobgoblin/club (6)]
   259 | D:1      | Reached skill level 3 in Fire Magic
  1111 | D:2      | Reached XP level 3. HP: 14/14 MP: 4/7
  1116 | D:2      | Learned a level 3 spell: Conjure Flame
  2010 | D:3      | Noticed Ijyb
  2013 | D:3      | Paralysed by Ijyb for 2 turns
  2045 | D:3      | HP: 7/14 [Ijyb (4)]
  2091 | D:3      | HP: 5/14 [Ijyb (4)]
  2099 | D:3      | Killed Ijyb
  2099 | D:3      | Reached XP level 4. HP: 7/18 MP: 0/8
  2324 | D:3      | Noticed Natasha
  2330 | D:3      | Killed Natasha
  2336 | D:3      | Learned a level 4 spell: Sticky Flame
  2363 | D:3      | Noticed Natasha
  2363 | D:3      | HP: 9/18 [Natasha/wand of flame (14) (9)]
  2369 | D:3      | HP: 6/18 [Natasha/magic dart (4)]
  2634 | D:3      | Killed Natasha
  2681 | D:3      | Reached XP level 5. HP: 15/21 MP: 7/10
  2688 | D:3      | Noticed Natasha
  2796 | D:3      | Killed from afar by Natasha
  2797 | D:3      | Reached XP level 4. HP: 0/18 MP: 5/18
  2797 | D:3      | Quit the game

Skill      XL: |  1  2  3 |
---------------+----------+-----
Conjurations   | 1 2 |  2.9
Fire Magic     | 3 |  3.9
Dodging        | |  2.6
Stealth        | |  2.6
Spellcasting   | |  2.8

Action                   |  1- 3 |  4- 6 || total
-------------------------+-------+-------++-------
Melee: Unarmed           |    11 |       ||    11
 Cast: Flame Tongue      |    78 |    35 ||   113
       Sticky Flame      |       |     2 ||     2
  Eat: Chunk             |    10 |     1 ||    11
Dodge: Dodged            |    27 |    16 ||    43

Vault maps used:
D:1:      onia_arrival_larder
D:2:      kennysheep_another_room, minmay_heptomino_d4
D:3:      uniq_natasha, uniq_ijyb, uniq_grinder
